 Dungeon Crawl Stone Soup version 0.18.1-47-g9310371 (webtiles) character file.

34 Vincendra the Cudgeler (level 3, -2/31 HPs)
             Began as a Minotaur Fighter on June 21, 2016.
             Killed from afar by Sigmund (4 damage)
             ... with a magic dart
             ... on level 2 of the Dungeon.
             The game lasted 00:01:52 (967 turns).

Vincendra the Cudgeler (Minotaur Fighter)            Turns: 967, Time: 00:01:53

Health: -2/31      AC:  6    Str: 21    XL:     3   Next: 14%
Magic:  2/2        EV:  7    Int: 10    God:
Gold:   74         SH:  9    Dex:  9    Spells: 0 memorised, 2 levels left

rFire  . . .     SeeInvis .     a - +0 flail
rCold  . . .     Gourm    .     b - +0 scale mail
rNeg   . . .     Faith    .     c - +0 shield
rPois  .         Spirit   .     (helmet restricted)
rElec  .         Dismiss  .     (no cloak)
rCorr  .         Reflect  .     (no gloves)
SustAt .         Harm     .     (no boots)
MR     .....                    (no amulet)
Stlth  ..........               (no ring)
                                (no ring)

@: brilliant, not resistant to hostile enchantments, extremely unstealthy
A: retaliatory headbutt, horns 2
a: no special abilities


You were on level 2 of the Dungeon.
You were not hungry.

You visited 1 branch of the dungeon, and saw 2 of its levels.

You collected 74 gold pieces.

Inventory:

Hand Weapons
 a - a +0 flail (weapon)
Armour
 b - a +0 scale mail (worn)
 c - a +0 shield (worn)
Scrolls
 g - 2 scrolls of teleportation {unknown}
 h - a scroll of enchant weapon {unknown}
 i - a scroll of random uselessness {unknown}
 l - a scroll of enchant armour {unknown}
 n - 2 scrolls of blinking {unknown}
Potions
 d - a potion of might
 e - a potion of cancellation {unknown}
 m - a potion of flight {unknown}
 o - a potion of degeneration {unknown}
Comestibles
 f - a bread ration
 j - 2 beef jerkies


   Skills:
 - Level 3.6 Fighting
 + Level 4.4 Maces & Flails
 - Level 3.6 Armour
 - Level 3.6 Shields


You had 2 spell levels left.
You didn't know any spells.

Dungeon Overview and Level Annotations

Branches:
Dungeon (2/15)

Altars:

Annotations:
D:2 Sigmund


Innate Abilities, Weirdness & Mutations

You reflexively headbutt those who attack you in melee.
You have a pair of horns on your head.


Message History

The magic dart hits you! Something hits you!
* * * LOW HITPOINT WARNING * * *
You hit something. Your headbutt misses something. You hit something.
You headbutt something! You block something's attack.
You miss something. Your headbutt misses something.
Something hits you but does no damage.
You barely miss something. Something hits you.
* * * LOW HITPOINT WARNING * * *
Unknown command.
Drink which item? (? for menu, Esc to quit)
It was a potion of brilliance.
You feel clever all of a sudden. You block something's attack.
You hit something. Your headbutt misses something.
Something hits you but does no damage.
You miss something.
You hear some strange, mumbled words.
A magic dart appears from out of thin air!
The magic dart hits you!
You die...

#..# #.(## #...# #...# #...#
#...## . #....# ..% +########
#.#######..#.##..... ........#
#.....@{w..#@w......
........############.#..#....?
........##...........#..# ....
........##.###########..# ...
........##.## #... ##
............# ...$.
.#######....# ..... ## #.†..#
....># #....#


You could see a worm.

Vanquished Creatures
  An adder (D:2)
  2 giant geckos (D:1)
  2 goblins (D:1)
  3 hobgoblins (D:1)
  4 jackals (D:1)
  2 kobolds (D:1)
  A quokka (D:2)
  3 bats (D:1)
  2 giant newts (D:1)
  2 rats (D:1)
22 creatures vanquished.

Notes
Turn   | Place    | Note
--------------------------------------------------------------
     0 | D:1      | Vincendra the Minotaur Fighter began the quest for the Orb.
     0 | D:1      | Reached XP level 1. HP: 19/19 MP: 0/0
   329 | D:1      | Reached skill level 3 in Maces & Flails
   416 | D:1      | Reached XP level 2. HP: 26/26 MP: 1/1
   651 | D:1      | Reached skill level 4 in Maces & Flails
   936 | D:2      | Noticed Sigmund
   954 | D:2      | Reached XP level 3. HP: 30/31 MP: 2/2
   964 | D:2      | HP: 1/31 [something (6)]
   967 | D:2      | Killed from afar by Sigmund

Skill      XL: |  1  2 |
---------------+-------+-----
Maces & Flails | 3 4 |  4.4
Fighting       | |  3.6
Armour         | |  3.6
Shields        | |  3.6

Action                   || total
-------------------------++-------
Melee: Flail             ||    68
       Headbutt          ||    12
  Use: Potion            ||     1
Armor: Scale mail        ||    25
Dodge: Dodged            ||    19
Block: Shield            ||    30
